 Dungeon Crawl Stone Soup version 0.27-a0-1184-ge86db4a01e (webtiles) character file.

Game seed: 5933404467152727479

80 chippings the Cudgeller (level 4, -2/37 HPs)
             Began as a Mummy Gladiator on May 18, 2021.
             Was a Follower of Ashenzari.
             Slain by a gnoll
             ... wielding a +0 halberd
              (9 damage)
             ... on level 2 of the Dungeon.
             The game lasted 00:03:16 (2509 turns).

chippings the Cudgeller (Mummy Gladiator)           Turns: 2509, Time: 00:03:17

Health: -2/37      AC: 11    Str: 18    XL:     4   Next: 18%
Magic:  4/4        EV:  8    Int:  7    God:    Ashenzari [*.....]
Gold:   58         SH:  0    Dex: 13    Spells: 3/3 levels left

rFire    x . .     SeeInvis .   a - +0 flail
rCold    + . .     Faith    .   (no shield)
rNeg     + + +     Spirit   .   f - +0 chain mail
rPois    ∞         Reflect  .   c - +0 helmet "Mantic Ordeal" {Self, Cun} (curse)
rElec    .         Harm     .   (no cloak)
rCorr    .         Rampage  .   e - +1 pair of gloves "Revealing Malaise" {Melee, Range} (curse)
Will     .....                  (no boots)
Stlth    ..........             (no amulet)
HPRegen  0.12/turn              (no ring)
MPRegen  0.09/turn              (no ring)

@: no status effects
A: cold resistance 1, negative energy resistance 3, torment resistance 2, heat
vulnerability 1, no potions
a: Renounce Religion, Shatter the Chains


You were on level 2 of the Dungeon.
You worshipped Ashenzari.
Ashenzari was aware of your devotion.
You visited 1 branch of the dungeon, and saw 3 of its levels.

You collected 58 gold pieces.

Inventory:

Hand Weapons
 a - a +0 flail (weapon)
Missiles
 d - 3 throwing nets (quivered)
Armour
 c - the cursed +0 helmet "Mantic Ordeal" (worn) {Self, Cun}

   It has a curse which improves the following skills: Introspection: Fighting
   and Spellcasting.
   Cunning:   Dodging and Stealth.
 e - the cursed +1 pair of gloves "Revealing Malaise" (worn) {Melee, Range}
   (You found it on level 1 of the Dungeon)

   It has a curse which improves the following skills: Melee Combat: Short
   Blades, Long Blades, Axes, Maces & Flails, Polearms, Staves and Unarmed
   Combat.
   Ranged Combat: Slings, Bows, Crossbows and Throwing.
 f - a +0 chain mail (worn)
Scrolls
 b - a scroll of immolation


   Skills:
 + Level 3.0(3.9) Fighting
 * Level 3.7(4.6) Maces & Flails
 - Level 1.5(2.3) Throwing
 - Level 2.4(3.2) Dodging


You had 3 spell levels left.
You didn't know any spells.
Your spell library was empty.

Dungeon Overview and Level Annotations

Branches:
Dungeon (3/15)

Altars:
Ashenzari


Innate Abilities, Weirdness & Mutations

You are immune to poison.
Your flesh is cold resistant. (rC+)
You are immune to negative energy. (rN+++)
You are immune to unholy pain and torment.
You are vulnerable to heat. (rF-)
You do not drink.


Message History

The gnoll is moderately wounded.
The frilled lizard barely misses you. The gnoll closely misses you.
You hit the gnoll.
The gnoll is severely wounded.
The frilled lizard bites you but does no damage.
The gnoll hits you with a +0 flail. The frilled lizard bites you.
You thump the gnoll!
You kill the gnoll!
The frilled lizard barely misses you.
Your Fighting skill increases to level 3!
Things that are here:
a +0 flail; a gnoll corpse You hit the frilled lizard but do no damage.
The frilled lizard bites you but does no damage.
You hit the frilled lizard.
The frilled lizard is heavily wounded.
The frilled lizard barely misses you.
You sock the frilled lizard!
You kill the frilled lizard!
There is a stone staircase leading up here.
Things that are here:
a +0 flail; a gnoll corpse
There is a stone staircase leading up here.
You start resting.
HP restored.
You climb upwards.
There is a stone staircase leading down here.
The gnoll hits you with a +0 halberd.
You closely miss the gnoll. The gnoll hits you with a +0 halberd!
You hit the gnoll.
The gnoll is lightly wounded.
The gnoll hits you with a +0 halberd!
You barely miss the gnoll.
The gnoll is lightly wounded.
The gnoll hits you with a +0 halberd!
* * * LOW HITPOINT WARNING * * *
You thump the gnoll!
The gnoll is severely wounded.
The gnoll hits you but does no damage. The gnoll hits you with a +0 halberd!
You die...

#...# ##.## ####.#####
####.### ###8.8#### #.#
.......# #........# #.#
.###.#.# #.#8.8#..###
#.# .# #.#.#
#.##.##....# #.# .#
#.#.####..........####.#
.#
#......................#
.#
###.########..>..#######
.#####.# #.@..##
.......# #g#.## ########
#.### #.# #.#
###########.#
#..g.g.g..#.#
#.#######.#.## #.#
##....## #########


You could see a gnoll.

Vanquished Creatures
  A gnoll (D:3)
  An adder (D:2)
  3 dart slugs
  2 orcs
  5 bats (D:1)
  6 endoplasms
  A giant cockroach (D:1)
  8 hobgoblins
  2 jackals (D:1)
  3 kobolds
  3 quokkas
  A ball python (D:1)
  3 frilled lizards
  3 goblins
  8 rats
50 creatures vanquished.

Notes
Turn   | Place    | Note
-------+----------+-------------------------------------------
     0 | D:1      | chippings the Mummy Gladiator began the quest for the Orb.
     0 | D:1      | Reached XP level 1. HP: 16/16 MP: 1/1
   322 | D:1      | Found a faded altar of an unknown god.
   326 | D:1      | Became a worshipper of Ashenzari the Shackled
   343 | D:1      | Reached XP level 2. HP: 17/22 MP: 2/2
   677 | D:1      | Reached XP level 3. HP: 21/28 MP: 3/3
  1457 | D:2      | Reached * piety under Ashenzari
  2134 | D:2      | Reached XP level 4. HP: 35/37 MP: 4/4
  2509 | D:2      | Slain by a gnoll

Illustrated notes

Levels and vault maps discovered:
D:1:      minmay_arrival_wavy_path, layout_basic,
          hellmonk_ecumenical_altar_heavens_door, st_stairs_2,
          kennysheep_nondescript
D:2:      layout_loops_corners, small_statue_intersection
D:3:      layout_rooms, led_xom_imps, lexackson_kobold_supper, uniq_natasha,
          uniq_robin

Skill      XL: |  1  2  3  4 |
---------------+-------------+-----
Maces & Flails | 3 |  3.7
Fighting       | 3 |  3.0
Throwing       | |  1.5
Dodging        | |  2.4

Action                   |  1- 3 |  4- 6 || total
-------------------------+-------+-------++-------
Melee: Flail             |   120 |    21 ||   141
Invok: Curse Item        |     2 |       ||     2
Armor: Leather armour    |     4 |       ||     4
       Ring mail         |    20 |       ||    20
       Skin              |     1 |       ||     1
       Chain mail        |    16 |    11 ||    27
       Scale mail        |    16 |       ||    16
Dodge: Dodged            |    75 |    11 ||    86

Table legend: (Time is in decaauts)
 A = Elapsed time spent in this place.
 B = Non-inter-level travel time spent in this place.
 C = Inter-level travel time spent in this place.
 D = Time resting spent in this place.
 E = Time spent auto-exploring this place.
 F = Levels seen in this place.
 G = Mean time per level.
                   A        B        C        D        E       F      G
               +--------+--------+--------+--------+--------+-----+--------+
         Total |   2541 |   2534 |      7 |    314 |   1574 |   3 |  847.0 |
       Dungeon |   2541 |   2534 |      7 |    314 |   1574 |   3 |  847.0 |
               +--------+--------+--------+--------+--------+-----+--------+

Top non-repeatable levels by time:
     D:1: 1237 daAuts
     D:2: 947 daAuts
     D:3: 357 daAuts
